cohdb
Replays
Latest Replays
All Replays
Popular Replays
Top Player Replays
Match Explorer
How It Works
Community
CoH3 Stats
Reddit
Sign in to upload your games and track your stats! →
Sign in with Steam
Match 35713650
Unlisted
Match 35713650
Overview
Messages
Build Orders
End
Panzergrenadier Squad
Selects Armored Support Battlegroup
250 Light Carrier
Panzergrenadier Squad
Construct Light Support Kompanie
Combat Half-tracks
250 Light Carrier
Panzergrenadier Squad
Construct Mechanized Kompanie
Construct Mechanized Kompanie
Veteran Squad Leaders
Vehicle Survival Package
Construct Panzerarmee Kommand
屑里夫
MEGArgent
你可省省吧,操你妈的
【幽蓝深渊】蓝雾骑士
patito
Bruistablet
Crenade(Cana)
Professor gibberish
0
0
Comments
sign in to comment!
No comments posted yet!